 Dungeon Sprint DCSS version 0.21.0-24-g2553a33 (webtiles) character file.

154 letownia2 the Ruffian (level 5, -25/50 HPs)
             Began as a Troll Wizard on Jan 20, 2018.
             Killed from afar by a deep elf mage (37 damage)
             ... with a bolt of lightning
             ... in the Dungeon (Sprint III: "The Ten Rune Challenge").
             The game lasted 00:01:36 (238 turns).

letownia2 the Ruffian (Troll Wizard)                 Turns: 238, Time: 00:01:36

Health: -25/50     AC:  5    Str: 15    XL:     5   Next: 13%
Magic:  1/8        EV:  9    Int: 15    God:
Gold:   30         SH:  0    Dex:  8    Spells: 1/10 levels left

rFire    . . .     SeeInvis .     - Unarmed
rCold    . . .     Gourm    +   (no shield)
rNeg     . . .     Faith    .   a - +0 robe
rPois    .         Spirit   .   b - +0 hat
rElec    .         Reflect  .   (no cloak)
rCorr    .         Harm     .   (gloves unavailable)
MR       .....     NoTele   +   (boots unavailable)
Stlth    +.........             (no amulet)
HPRegen  0.56/turn              (no ring)
MPRegen  0.11/turn              (no ring)

@: very slightly contaminated
A: large, unfitting armour, claws 3, fast metabolism 3, gourmand, regeneration
1, shaggy fur 1, tough skin 2
a: no special abilities


You were in the Dungeon.
You were not hungry.

You visited 1 branch You collected 30 gold pieces.

Inventory:

Armour
 a - a +0 robe (worn)
 b - a +0 hat (worn)
Scrolls
 j - a scroll of blinking
 l - a scroll of immolation {unknown}
 m - 4 scrolls of identify
 n - a scroll of enchant weapon {unknown}
 p - a scroll of holy word {unknown}
 q - a scroll of remove curse {unknown}
Potions
 e - a potion of curing
 f - a potion of heal wounds
 g - a potion of haste
 h - 2 potions of magic
 i - a potion of berserk rage
 k - 4 potions of mutation {unknown}
 o - a potion of flight {unknown}
 r - a potion of invisibility {unknown}
Books
 c - a book of Minor Magic

   Spells                             Type                      Level
   a - Magic Dart                     Conjuration                  1
   b - Blink                          Translocation                2
   c - Call Imp                       Summoning                    2
   d - Slow                           Hexes                        2
   e - Conjure Flame                  Conjuration/Fire             3
   f - Mephitic Cloud                 Conjuration/Poison/Air       3
Comestibles
 d - 4 rations


   Skills:
 + Level 2.5 Fighting
 + Level 1.5 Dodging
 - Level 1.0 Stealth
 * Level 7.3 Unarmed Combat
 + Level 3.3 Spellcasting
 + Level 1.7 Conjurations
   Level 0.6 Summonings
 + Level 0.6 Translocations
 + Level 1.4 Fire Magic
 + Level 1.2 Air Magic
 + Level 1.4 Poison Magic


You had one spell level left.
You knew the following spells:

 Your Spells              Type           Power        Failure   Level  Hunger
a - Magic Dart            Conj           #...         10%         1    #......
c - Conjure Flame         Conj/Fire      #.......     30%         3    ###....
d - Blink                 Tloc           N/A          22%         2    ##.....
e - Mephitic Cloud        Conj/Pois/Air  #.......     32%         3    ###....


Dungeon Overview and Level Annotations

Branches:
Dungeon (1/1)

Altars:
Elyvilon
Zin
The Shining One


Innate Abilities, Weirdness & Mutations

You are too large for most types of armour.
You have claws for hands.
Your metabolism is lightning-fast.
You like to eat raw meat.
Your natural rate of healing is unusually fast.
You are covered in fur. (AC +1)
You have very tough skin. (AC +2)


Message History

You barely miss the deep elf mage.
The deep elf mage seems less confused.
The deep elf mage hits you with a long sword of holy wrath!
You closely miss the deep elf mage. The deep elf mage casts a spell at you.
The bolt of lightning hits you!
* * * LOW HITPOINT WARNING * * *
You are too injured to fight recklessly!
You are too injured to fight recklessly!
You completely miss the deep elf mage. You claw the deep elf mage!
The deep elf mage is moderately wounded.
The deep elf mage hits you but does no damage.
You claw the deep elf mage!
The deep elf mage is heavily wounded.
Unknown command.
You closely miss the deep elf mage.
The deep elf mage is heavily wounded.
The deep elf mage gestures at you while chanting.
The bolt of lightning hits you!
Ouch! That really hurt!
You die...

▓▓▓ ▓▓▓ ..#### ##.#####
.....#####..#___#
......#..#..#...#
.##...#..#..###'#+###+##
.###..##'#..#...@e.....#
#)##..###...'.⌠........#
.##..####...#...######+#
.##..###....#.⌠.#
##...##.....#...#
#....#......#+###
#..##.#..†..#
#..#####....# ▓▓▓▓
▓▓▓▓▓▓


You could see a deep elf mage.

Vanquished Creatures
  A water elemental (D)
  A scorpion (D)
  Jessica (D)
  A human (D)
  3 rats (D)
7 creatures vanquished.

Vanquished Creatures (others)
  2 draconian scorchers (D)
  6 hellions (D)
  A yaktaur (D)
  3 plants (D)
12 creatures vanquished.

Grand Total: 19 creatures vanquished

Notes
Turn   | Place    | Note
-------+----------+-------------------------------------------
     0 | D        | letownia2 the Troll Wizard began the quest for the Orb.
     0 | D        | Reached XP level 1. HP: 16/16 MP: 2/2
    10 | D        | Reached skill level 1 in Unarmed Combat
    25 | D        | Noticed Jessica
    25 | D        | Killed a yaktaur
    51 | D        | Killed Jessica
    51 | D        | Reached skill level 4 in Unarmed Combat
    51 | D        | Reached XP level 2. HP: 29/29 MP: 4/4
    74 | D        | Killed a hellion
    84 | D        | Reached XP level 3. HP: 24/36 MP: 6/6
    89 | D        | Learned a level 3 spell: Mephitic Cloud
    93 | D        | Learned a level 3 spell: Conjure Flame
   101 | D        | Noticed a scorpion
   110 | D        | Killed a scorpion
   110 | D        | Reached skill level 1 in Conjurations
   110 | D        | Reached skill level 1 in Fire Magic
   110 | D        | Reached skill level 1 in Air Magic
   110 | D        | Reached skill level 1 in Poison Magic
   110 | D        | Reached XP level 4. HP: 30/44 MP: 7/7
   114 | D        | Learned a level 2 spell: Blink
   140 | D        | Killed a hellion
   140 | D        | Killed a hellion
   149 | D        | Noticed a water elemental
   151 | D        | Killed a water elemental
   151 | D        | Reached skill level 7 in Unarmed Combat
   151 | D        | Reached XP level 5. HP: 50/50 MP: 4/8
   166 | D        | Killed a hellion
   187 | D        | Found a glowing silver altar of Zin.
   187 | D        | Found a glowing golden altar of the Shining One.
   187 | D        | Found a white marble altar of Elyvilon.
   188 | D        | Noticed a deep elf mage
   191 | D        | Killed a white draconian scorcher
   203 | D        | Killed a hellion
   205 | D        | Killed a hellion
   205 | D        | Killed a white draconian scorcher
   238 | D        | Killed from afar by a deep elf mage

Skill      XL: |  1  2  3  4 |
---------------+-------------+-----
Unarmed Combat | 4 7 |  7.3
Fighting       | 2 |  2.5
Spellcasting   | 3 |  3.3
Conjurations   | 1 |  1.7
Fire Magic     | 1 |  1.4
Air Magic      | 1 |  1.2
Poison Magic   | 1 |  1.4
Dodging        | |  1.5
Stealth        | |  1.0
Summonings     | |  0.6
Translocations | |  0.6

Action                   |  1- 3 |  4- 6 || total
-------------------------+-------+-------++-------
Melee: Unarmed           |    26 |    10 ||    36
       Punch             |       |     1 ||     1
 Cast: Conjure Flame     |       |     1 ||     1
       Mephitic Cloud    |       |     1 ||     1
 Stab: Sleeping          |     1 |       ||     1
  Eat: Chunk             |     2 |       ||     2
Armor: Robe              |     6 |     1 ||     7
Dodge: Dodged            |     9 |     4 ||    13
